Map: King's Cove LE

Players

SortOf

  • Race: Zerg Zerg
  • League: Master
  • Spawn Location: 11:00

llllllllllll (Stats) - Winner!

  • Race: Protoss Protoss
  • League: Grandmaster
  • Spawn Location: 5:00

Event: HomeStory Cup XIX

VOD

Have the link to the VOD?

Description

Time

  • Played on: June 27, 2019, 1:18 p.m.
  • Length: 11:58

All games in this series

Show
View Real Time Build Order
Export as new Build Order

SortOf Zerg 

Build Orders: Hatch First 

Get SALT Encoding   

  12  0:00  Drone  
  13  0:13  Overlord  
  13  0:18  Drone  
  14  0:31  Drone x2  
  16  0:52  Hatchery  
  16  0:54  Drone  
  17  0:57  Drone  
  17  1:10  Spawning Pool  
  16  1:13  Drone  
  16  1:17  Drone  
  18  1:20  Drone  
  18  1:22  Extractor  
  18  1:33  Drone  
  19  1:42  Drone  
  20  1:50  Overlord  
  20  1:56  Queen  
  22  2:04  Queen  
  22  2:05  Zergling x4  
  26  2:12  Drone  
  27  2:17  Drone  
  28  2:23  Drone  
  28  2:26  Drone  
  30  2:32  Pneumatized Carapace  
  30  2:42  Hatchery  
  30  2:43  Drone  
  30  2:44  Zergling x2  
  30  2:49  Drone  
  32  2:52  Overlord  
  32  2:55  Drone  
  33  3:01  Queen  
  35  3:08  Drone  
  35  3:12  Drone x2  
  38  3:17  Drone  
  39  3:20  Overlord  
  39  3:22  Drone x3  
  42  3:29  Drone  
  42  3:33  Metabolic Boost  
  43  3:35  Drone  
  43  3:40  Spore Crawler  
  43  3:43  Drone  
  43  3:47  Spore Crawler  
  43  3:51  Overlord  
  43  3:53  Queen  
  49  3:55  Drone x4  
  49  4:01  Spore Crawler  
  47  4:04  Drone x3  
  47  4:06  Drone  
  49  4:13  Zergling x4, Evolution Chamber  
  49  4:15  Drone  
  51  4:21  Drone x2  
  51  4:23  Overlord  
  53  4:24  Drone  
  53  4:26  Drone  
  53  4:30  Overlord  
  55  4:35  Overlord  
  55  4:41  Queen  
  55  4:43  Drone  
  55  4:45  Zerg Melee Weapons Level 1  
  58  4:49  Overlord  
  58  4:50  Drone x4  
  60  4:55  Drone x2  
  62  5:01  Drone x3  
  65  5:08  Drone  
  65  5:11  Lair  
  64  5:14  Extractor  
  64  5:15  Zergling x6  
  64  5:20  Drone x6  
  69  5:26  Drone x3  
  70  5:30  Queen  
  67  5:38  Drone x5  
  72  5:45  Extractor, Baneling Nest, Overlord  
  72  5:46  Drone x2  
  72  5:50  Drone x3  
  72  5:52  Drone  
  72  5:56  Drone x2  
  78  5:59  Overlord  
  78  6:00  Drone  
  79  6:07  Extractor x2, Queen  
  79  6:09  Overlord  
  79  6:11  Extractor  
  79  6:14  Hydralisk Den, Drone x3  
  76  6:20  Zergling x12  
  82  6:26  Spine Crawler  
  82  6:27  Spine Crawler  
  82  6:30  Zergling x6, Spine Crawler  
  82  6:35  Zergling x4  
  82  6:36  Zergling x4  
  82  6:39  Baneling x4  
  86  6:41  Baneling  
  86  6:43  Hydralisk  
  86  6:44  Zergling x6  
  86  6:47  Baneling x3  
  91  6:48  Zergling x2  
  91  6:49  Zergling x2  
  91  6:52  Overlord  
  92  6:56  Overlord  
  92  6:59  Grooved Spines  
  92  7:00  Hydralisk x2  
  96  7:03  Zerg Missile Weapons Level 1  
  96  7:10  Hydralisk x2  
  96  7:13  Drone x4  
  104  7:16  Drone x2  
  104  7:22  Drone x5  
  110  7:26  Overseer  
  110  7:28  Hydralisk  
  112  7:32  Overlord  
  112  7:44  Overlord  
  112  7:47  Centrifical Hooks  
  112  7:51  Hydralisk x4  
  112  7:54  Overlord  
  120  7:59  Overlord  
  120  8:00  Overlord x4  
  120  8:05  Overseer  
  120  8:06  Hydralisk x3  
  124  8:13  Muscular Augments  
  124  8:18  Hydralisk x4  
  124  8:19  Zergling x4  
  128  8:25  Zergling x6  
  130  8:37  Zergling x2  
  130  8:38  Zergling x12  
  137  8:43  Hatchery  
  137  8:47  Hydralisk  
  137  8:48  Hydralisk x3  
  144  8:50  Infestation Pit  
  143  9:07  Baneling x16  
  143  9:08  Baneling x2  
  143  9:09  Overlord  
  143  9:10  Overlord  
  143  9:11  Overlord  
  143  9:12  Overlord  
  143  9:14  Drone x6  
  149  9:22  Baneling x5  
  148  9:29  Hydralisk x3, Zergling x4  
  148  9:30  Zergling x4  
  158  9:37  Hydralisk  
  158  9:38  Hydralisk  
  138  9:42  Hydralisk, Zergling x2  
  132  9:49  Hydralisk, Zergling x2  
  132  9:50  Hydralisk, Zergling x2  
  119  9:54  Zergling x4  
  119  9:55  Zergling x4  
  119  9:56  Zergling x4  
  119  10:01  Zergling x4  
  119  10:06  Zergling x2  
  120  10:11  Zergling x4  
  103  10:15  Zergling x8  
  91  10:25  Zergling x4  
  91  10:26  Zergling x2  
  77  10:31  Queen x3  
  73  10:36  Hydralisk x2  
  76  10:44  Drone  
  76  10:45  Drone  
  78  10:52  Hydralisk x2  
  82  11:02  Hydralisk x3  
  88  11:05  Hatchery  
  87  11:13  Baneling x2  
  87  11:14  Baneling x4  
  87  11:15  Hydralisk x2  
  91  11:20  Hydralisk x2  
  91  11:23  Baneling x5  
  91  11:24  Baneling x2  
  95  11:29  Zergling x6  
  98  11:35  Zergling x8  
  99  11:40  Zergling x2  
Show
View Real Time Build Order
Export as new Build Order

llllllllllll Protoss - Winner!

Build Orders: 1 Gate Expand, Oracle Opening, Phoenix Opening, Chargelot Immortal 

Get SALT Encoding   

  12  0:00  Probe  
  13  0:12  Probe  
  14  0:19  Pylon  
  14  0:24  Probe  
  15  0:28  Assimilator  
  15  0:33  Probe  
  15  0:41  Probe  
  16  0:47  Gateway  
  17  0:51  Probe  
  18  1:03  Probe  
  19  1:15  Probe  
  20  1:24  Nexus  
  21  1:35  Cybernetics Core  
  21  1:37  Probe  
  21  1:43  Assimilator  
  21  1:49  Probe  
  21  1:51  Pylon  
  22  2:01  Probe  
  23  2:02  Adept  
  23  2:13  Probe  
  26  2:17  Stargate  
  26  2:21  Warp Gate  
  26  2:25  Probe  
  27  2:31  Adept  
  27  2:32  Probe  
  27  2:33  Probe  
  30  2:40  Probe  
  30  2:41  Probe  
  31  2:50  Probe  
  33  2:51  Probe  
  33  2:55  Phoenix  
  35  3:02  Probe  
  35  3:03  Probe  
  39  3:12  Oracle  
  39  3:15  Probe, Pylon  
  39  3:16  Probe  
  41  3:26  Gateway  
  44  3:28  Probe x2  
  46  3:36  Assimilator  
  46  3:38  Assimilator  
  46  3:40  Probe x2  
  48  3:42  Oracle  
  48  3:47  Pylon  
  48  3:52  Probe x2  
  53  3:58  Pylon  
  53  4:04  Probe  
  53  4:05  Probe  
  53  4:09  Oracle  
  51  4:17  Probe  
  52  4:18  Probe, Adept  
  58  4:29  Adept  
  60  4:34  Robotics Facility  
  60  4:41  Adept  
  60  4:43  Gateway  
  62  4:49  Gateway  
  62  5:01  Sentry x2  
  62  5:03  Probe x2  
  62  5:06  Nexus  
  68  5:07  Pylon  
  68  5:09  Pylon  
  68  5:16  Immortal  
  68  5:28  Sentry  
  68  5:29  Sentry  
  68  5:30  Probe x2  
  74  5:44  Stalker x2  
  74  5:46  Probe x2  
  74  5:47  Gateway  
  74  5:49  Shield Battery, Gateway  
  80  5:53  Observer  
  80  5:56  Sentry x2  
  84  6:01  Probe  
  86  6:06  Pylon  
  86  6:08  Immortal  
  86  6:09  Forge, Twilight Council  
  86  6:17  Probe x2  
  88  6:21  Stalker x2  
  96  6:29  Probe x3  
  96  6:37  Protoss Ground Weapons Level 1  
  96  6:38  Gateway x2  
  96  6:41  Probe  
  96  6:42  Probe x2  
  96  6:46  Charge  
  99  6:53  Probe  
  100  7:02  Assimilator  
  100  7:03  Assimilator  
  100  7:06  Pylon  
  100  7:07  Pylon x2  
  100  7:09  Warp Prism  
  100  7:13  Stalker  
  100  7:14  Stalker  
  100  7:15  Zealot  
  108  7:18  Templar Archives  
  108  7:26  Zealot x3  
  108  7:27  Probe x2  
  108  7:28  Photon Cannon, Probe  
  117  7:31  Photon Cannon x2  
  117  7:38  Psionic Storm  
  117  7:40  Robotics Facility  
  117  8:02  High Templar x3  
  123  8:10  High Templar  
  123  8:11  Zealot x4  
  129  8:23  Immortal  
  129  8:30  Protoss Ground Weapons Level 2  
  133  8:36  Pylon  
  133  8:38  Pylon  
  133  8:40  Pylon  
  133  8:42  Pylon  
  133  8:48  Immortal  
  133  8:49  Nexus  
  133  8:50  Pylon  
  137  8:58  High Templar x2  
  137  8:59  Photon Cannon, Zealot x6  
  137  9:02  Archon  
  153  9:07  Immortal  
  157  9:13  Photon Cannon, Shield Battery  
  157  9:17  Pylon  
  157  9:19  Pylon  
  157  9:26  Zealot x5  
  163  9:40  Zealot x3  
  163  9:44  Immortal  
  155  9:50  Immortal  
  143  10:00  High Templar x5  
  143  10:04  Zealot x2, High Templar  
  142  10:17  Immortal  
  142  10:20  Immortal  
  128  10:22  Archon  
  110  10:43  Probe x4  
  110  10:48  Assimilator, High Templar x2  
  110  10:49  Assimilator  
  118  10:50  Zealot x3, High Templar x2  
  118  10:51  Zealot  
  118  10:53  Gateway  
  118  10:54  Immortal  
  118  10:55  Gateway  
  118  10:57  Observer, Archon x2  
  135  11:06  Probe x3  
  135  11:07  Probe  
  135  11:09  Pylon  
  139  11:13  Zealot x3  
  139  11:15  Zealot  
  149  11:42  Zealot x7  
  149  11:43  Zealot  
Tags
 
Add a new tag
Caveats
  • Supply blocks, unpowered buildings, or Contaminate may cause inaccurate times.
  • Supply counts are checked every 10 seconds.